AoeStats
← crsstphrwekasldks

Fortress

508996899Analyzed
4v4 RM · 6d ago on Sep 25, 2026· 102m 9s· 8 players
Game mode
Random Map
Map size
Huge
Population
200
Speed
Normal
Resources
Standard
Victory
Conquest
Starting age
Dark Age
Ending age
Imperial Age
RankedLock teamsTeams togetherTeam positionsShared explorationLock speedFull tech treeHidden civsTurbo modeCheats
Victory
Defeat
🇨🇴 Romans · Colombia
1133
+11
🇨🇴 Persians · Colombia
1051
+14
🇨🇱 Khmer · Chile
983
+17
🇨🇴 Bohemians · Colombia
920
+20
🇨🇦 Khmer · Canada
1039
-17
1031
-16
🇭🇰 Shu · Hong Kong SAR China
996
-15
🇪🇨 Burgundians · Ecuador
973
-14
No.09
0:47 Loom
8:20 Feudal Age
9:01 Double-Bit Axe
8:58 Horse Collar
10:01 Wheelbarrow
18:25 Castle Age
17:25 Stone Mining
18:30 Gold Mining
18:49 Fletching
18:37 Crossbowman
19:42 Hand Cart
20:24 Gold Shaft Mining
21:15 Bodkin Arrow
23:02 Bow Saw
24:22 Fortified Wall
24:33 Ballistics
30:36 Imperial Age
28:17 Heavy Plow
28:59 Padded Archer Armor
30:18 Leather Archer Armor
32:20 Chemistry
31:25 Bracer
31:55 Ring Archer Armor
32:19 Thumb Ring
33:19 Two-Man Saw
32:10 Arbalester
34:06 Conscription
36:57 Bolt Magazine
39:43 Murder Holes
39:58 Masonry
41:44 Hoardings
43:32 Architecture
45:40 Town Watch
46:29 Architecture
50:31 Town Patrol
53:37 Caravan
54:45 Siege Engineers
67:51 Elite White Feather Guard
68:36 Coiled Serpent Array
69:01 Scale Mail Armor
69:11 Forging
70:05 Chain Mail Armor
72:14 Plate Mail Armor
73:21 Arson
73:36 Squires
A4R0N
9:27 Feudal Age
10:23 Wheelbarrow
13:15 Castle Age
11:37 Double-Bit Axe
12:54 Loom
13:35 Scale Barding Armor
15:02 Gold Mining
15:24 Bow Saw
15:18 Cavalier
16:01 Husbandry
16:23 Chain Barding Armor
16:14 Forging
17:08 Horse Collar
24:15 Iron Casting
25:11 Gold Shaft Mining
26:49 Pikeman
28:29 Elite Skirmisher
31:50 Two-Man Saw
30:53 Heavy Plow
31:07 Fletching
31:18 Padded Archer Armor
34:09 Imperial Age
31:56 Hand Cart
31:27 Town Watch
31:42 Stone Mining
34:17 Bodkin Arrow
34:37 Leather Archer Armor
34:46 Town Patrol
35:08 Burgundian Vineyards
37:11 Ballistics
37:49 Conscription
39:25 Crop Rotation
39:00 Bracer
40:01 Blast Furnace
39:38 Plate Barding Armor
40:16 Chemistry
38:57 Treadmill Crane
39:32 Halberdier
39:41 Paladin
41:58 Scale Mail Armor
48:14 Squires
49:49 Chain Mail Armor
50:08 Masonry
57:59 Plate Mail Armor
60:13 Bombard Tower
80:46 Light Cavalry
96:17 Capped Ram
Supreme Leader Donald J. Trump
8:06 Feudal Age
12:01 Castle Age
9:48 Horse Collar
10:07 Gold Mining
13:02 Loom
14:26 Sanctity
15:20 Padded Archer Armor
15:45 Redemption
18:17 Fervor
18:50 Wheelbarrow
34:12 Imperial Age
31:48 Heavy Plow
32:24 Gold Shaft Mining
31:40 Stone Mining
35:53 Hand Cart
35:23 Town Watch
35:34 Elite Arambai
36:37 Conscription
36:48 Block Printing
36:58 Illumination
37:09 Theocracy
36:47 Onager
37:55 Fletching
42:28 Chemistry
41:34 Siege Engineers
41:52 Ballistics
54:36 Pikeman
55:03 Arson
55:18 Squires
55:31 Forging
55:21 Scale Mail Armor
55:16 Bodkin Arrow
crsstphrwekasldks
7:51 Feudal Age
7:35 Loom
11:42 Castle Age
9:38 Horse Collar
9:45 Double-Bit Axe
11:40 Bloodlines
11:28 Gold Mining
12:53 Bow Saw
17:19 Heavy Plow
26:19 Gold Shaft Mining
29:49 Imperial Age
27:23 Tusk Swords
30:13 Wheelbarrow
30:18 Elite Battle Elephant
31:26 Scale Barding Armor
31:31 Forging
32:54 Chain Barding Armor
37:09 Double Crossbow
37:30 Conscription
36:31 Elite Ballista Elephant
37:50 Plate Barding Armor
37:50 Iron Casting
40:39 Chemistry
41:46 Ballistics
47:13 Blast Furnace
53:47 Light Cavalry
55:20 Hussar
58:34 Hand Cart
71:05 Onager
Descomponido
5:14 Loom
7:12 Feudal Age
8:58 Double-Bit Axe
9:02 Horse Collar
11:03 Scale Mail Armor
11:16 Forging
11:09 Fletching
13:39 Castle Age
12:35 Horse Collar
14:48 Heavy Plow
15:22 Bodkin Arrow
16:33 Bow Saw
17:26 Gold Mining
20:42 Wheelbarrow
25:55 Imperial Age
23:10 Pikeman
23:50 Squires
24:53 Gold Shaft Mining
24:09 Man-at-Arms
25:11 Hand Cart
26:46 Iron Casting
26:27 Chain Mail Armor
26:06 Long Swordsman
26:30 Halberdier
28:29 Chemistry
28:58 Blast Furnace
28:51 Town Watch
29:20 Masonry
28:52 Legionary
30:57 Conscription
31:25 Capped Ram
36:15 Siege Ram
43:08 Onager
44:48 Scale Barding Armor
44:58 Ballistas
55:31 Siege Engineers
55:21 Murder Holes
55:47 Ballistics
61:01 Padded Archer Armor
70:01 Heavy Scorpion
wWCHI_CHOWw
4:46 Loom
10:10 Feudal Age
11:42 Double-Bit Axe
15:55 Castle Age
14:31 Scale Barding Armor
14:37 Forging
14:31 Scale Mail Armor
14:23 Fletching
14:34 Padded Archer Armor
14:21 Horse Collar
19:02 Bow Saw
22:27 Husbandry
22:52 Heavy Plow
25:09 Chain Mail Armor
26:18 Wheelbarrow
31:05 Imperial Age
30:45 Hand Cart
30:16 Town Watch
30:54 Cavalier
33:07 Savar
35:10 Pikeman
35:50 Squires
35:53 Town Patrol
36:31 Chain Barding Armor
36:47 Iron Casting
39:03 Plate Barding Armor
38:26 Gold Mining
38:27 Stone Mining
38:57 Halberdier
45:06 Plate Mail Armor
45:37 Blast Furnace
44:02 Light Cavalry
45:47 Bloodlines
45:13 Hussar
59:41 Two-Man Saw
88:41 Elite Skirmisher
Wius
8:04 Feudal Age
8:35 Loom
11:05 Castle Age
9:05 Double-Bit Axe
10:25 Horse Collar
11:00 Gold Mining
15:25 Bow Saw
19:24 Heavy Plow
20:43 Stone Mining
20:43 Gold Mining
20:25 Pikeman
20:44 Crossbowman
25:30 Scale Mail Armor
25:32 Padded Archer Armor
25:24 Fletching
25:45 Forging
25:42 Scale Barding Armor
27:02 Wheelbarrow
30:31 Imperial Age
28:17 Hand Cart
28:01 Bodkin Arrow
28:22 Leather Archer Armor
30:30 Stone Shaft Mining
30:30 Gold Shaft Mining
30:43 Iron Casting
30:24 Chain Mail Armor
31:02 Ballistics
31:42 Conscription
34:29 Chemistry
35:12 Bracer
35:45 Ring Archer Armor
42:24 Blast Furnace
41:45 Chain Barding Armor
41:27 Double Crossbow
40:48 Elite Ballista Elephant
41:36 Siege Engineers
41:44 Masonry
40:58 Halberdier
41:00 Arbalester
43:52 Architecture
44:50 Caravan
47:08 Light Cavalry
47:58 Bloodlines
47:49 Husbandry
48:51 Plate Barding Armor
47:44 Hussar
53:11 Onager
75:40 Cavalier
92:31 Crop Rotation
TigerishBoss76
1:15 Loom
10:12 Feudal Age
10:59 Double-Bit Axe
14:28 Castle Age
12:29 Horse Collar
13:37 Forging
13:17 Fletching
14:56 Fletching
18:01 Crossbowman
21:07 Bodkin Arrow
22:09 Pikeman
26:52 Chemistry
Connection lost

Rejoining the realm…

Still unreachable

The connection could not be restored.

Session expired

The server has moved on; the page needs a fresh start.